 Dungeon Sprint DCSS version 0.31-a0-920-g28cbb04a8c (webtiles) character file.

Game seed: 11125418907959401127

4780 sircluck the Grappler (level 10, -10/174 (175) HPs)
             Began as a Troll Berserker on Oct 17, 2023.
             Was the Champion of Trog.
             Mangled by a Tzitzimitl (15 damage)
             ... in the Dungeon (Sprint VII: "The Pits").
             The game lasted 00:02:22 (1080 turns).

sircluck the Grappler (Troll Berserker)             Turns: 1080, Time: 00:02:24

HP:   -10/174 (175) AC:  5    Str: 31    XL:     10   Next: 23%
MP:   9/9           EV: 17    Int:  3    God:    Trog [******]
Gold: 0             SH:  0    Dex: 12    Spells: 9/9 levels left

rFire   . .          .
                       - Unarmed
rCold   . . .        (no shield)
rNeg    . . .        a - +0 animal skin
rPois   .            (helmet restricted)
rElec   .            k - +0 cloak
rCorr   .            (gloves unavailable)
SInv    .            (boots unavailable)
Will    .....        (no amulet) Stlth
                     m - +3 ring of dexterity
HPRegen 1.29/turn    l - +3 ring of evasion
MPRegen 0.11/turn

%: no teleportation
@: berserking (expiring), slowed, lightly drained
A: large, unfitting armour, claws 3, regeneration 1, shaggy fur 1, tough skin 1
a: Renounce Religion, Berserk, Trog's Hand, Brothers in Arms


You were in the Dungeon.
You worshipped Trog.
Trog was exalted by your worship.
You visited 1 branch

Inventory:

Missiles
 n - 3 large rocks
Armour
 a - a +0 animal skin (worn)
 k - a +0 cloak (worn)
Jewellery
 l - a +3 ring of evasion (right claw)
 m - a +3 ring of dexterity (left claw)
Scrolls
 g - a scroll of blinking
 i - 2 scrolls of vulnerability
 j - a scroll of butterflies
Potions
 b - 7 potions of curing
 c - 14 potions of heal wounds
 d - 2 potions of haste
 e - 4 potions of magic
 f - 4 potions of berserk rage
 h - 2 potions of invisibility


   Skills:
 + Level 12.4 Fighting
 + Level 12.2 Dodging
 + Level 14.3 Unarmed Combat


You had 9 spell levels left.
You didn't know any spells.
Your spell library was empty.

Dungeon Overview and Level Annotations

Branches:
Dungeon (1/1)

Altars:
Ashenzari
Cheibriados
Dithmenos
Elyvilon
Fedhas
Gozag
Hepliaklqana
Kikubaaqudgha
Makhleb
Nemelex Xobeh
Okawaru
Qazlal
Ru
Sif Muna
Trog
Uskayaw
Vehumet
Wu Jian
Xom
Yredelemnul
Zin
The Shining One
Jiyva
Lugonu


Innate Abilities, Weirdness & Mutations

You are too large for most types of armour.
You have claws for hands.
Your natural rate of healing is unusually fast.
You are covered in fur. (AC +1)
You have tough skin. (AC +1)


Message History

You claw the Tzitzimitl!
The Tzitzimitl is lightly wounded.
The Tzitzimitl calls on the powers of darkness!
Your body is wracked with pain!
You claw the Tzitzimitl!
The Tzitzimitl is moderately wounded.
The Tzitzimitl engulfs you. The Tzitzimitl drains your vigour!
You feel as though you will be slow longer.
The Tzitzimitl bites you.
You feel drained.
You closely miss the Tzitzimitl.
The Tzitzimitl is lightly wounded.
The Tzitzimitl engulfs you!!
* * * LOW HITPOINT WARNING * * *
The Tzitzimitl drains your vigour!
You feel as though you will be slow longer.
The Tzitzimitl barely misses you.
Unknown command.
You claw the Tzitzimitl!
The Tzitzimitl is moderately wounded.
You miss the Tzitzimitl.
The Tzitzimitl is moderately wounded.
The Tzitzimitl engulfs you but does no damage.
The Tzitzimitl closely misses you.
You miss the Tzitzimitl. Your claw misses the Tzitzimitl.
The Tzitzimitl is moderately wounded.
The Tzitzimitl engulfs you!!
* * * LOW HITPOINT WARNING * * *
The Tzitzimitl drains your vigour!
You feel as though you will be slow longer.
The Tzitzimitl bites you!!
* * * LOW HITPOINT WARNING * * *
Unknown command.
You feel a strong urge to attack something.
The Tzitzimitl attacks as it pursues you!
The Tzitzimitl engulfs you!
* * * LOW HITPOINT WARNING * * *
The Tzitzimitl drains your vigour!
You feel as though you will be slow longer.
The Tzitzimitl bites you!
You die...

#+# #.# #'#
##################'#
................@1.#
...................#
#++##############..#
#..# #..# #..# #..#
#..# #..#


You could see a Tzitzimitl.

Vanquished Creatures
  A catoblepas (D)
  A fire crab (shapeshifter) (D)
  A bog body (D)
  A lindwurm (D)
  A cyclops (D)
  A merfolk siren (D)
  An orange demon (D)
  An ice devil (D)
  A troll (D)
  A snapping turtle (D)
  A neqoxec (D)
  2 wargs (D)
  A floating eye (D)
  A swamp drake (D)
  2 wolves (D)
  A centaur (D)
  A phantom (D)
  A gnoll sergeant (D)
  A scorpion (D)
  Crazy Yiuf (D)
  An iguana (D)
  3 gnolls (D)
  An ufetubus (D)
  2 hobgoblins (D)
  3 quokkas (D)
  2 ball pythons (D)
  2 ball python zombies (D)
  2 frilled lizards (D)
  A rat (D)
39 creatures vanquished.

Notes
Turn   | Place    | Note
-------+----------+-------------------------------------------
     0 | D        | sircluck the Troll Berserker began the quest for the Orb.
     0 | D        | Reached XP level 1. HP: 22/22 MP: 0/0
    24 | D        | Found a bloodstained altar of Trog.
    24 | D        | Found a shimmering blue altar of Sif Muna.
    24 | D        | Found a viscous altar of Jiyva.
    24 | D        | Found a hazy altar of Hepliaklqana.
    24 | D        | Found an opulent altar of Gozag.
    25 | D        | Found a glowing golden altar of the Shining One.
    25 | D        | Found a glowing silver altar of Zin.
    25 | D        | Found a basalt altar of Yredelemnul.
    25 | D        | Found a shimmering altar of Xom.
    25 | D        | Found an ornate altar of the Wu Jian Council.
    25 | D        | Found a sacrificial altar of Ru.
    25 | D        | Found a stormy altar of Qazlal.
    25 | D        | Found an iron altar of Okawaru.
    25 | D        | Found a sparkling altar of Nemelex Xobeh.
    25 | D        | Found a burning altar of Makhleb.
    25 | D        | Found a blossoming altar of Fedhas.
    25 | D        | Found a white marble altar of Elyvilon.
    25 | D        | Found a shadowy altar of Dithmenos.
    25 | D        | Found a snail-covered altar of Cheibriados.
    27 | D        | Found a radiant altar of Vehumet.
    27 | D        | Found a corrupted altar of Lugonu.
    28 | D        | Found a hide-covered altar of Uskayaw.
    28 | D        | Found an ancient bone altar of Kikubaaqudgha.
    28 | D        | Found a broken altar of Ashenzari.
    65 | D        | Reached ** piety under Trog
    73 | D        | Noticed a floating eye
    76 | D        | Paralysed by a floating eye for 3 turns
    80 | D        | Killed a floating eye
    81 | D        | Reached skill level 5 in Fighting
    81 | D        | Reached skill level 6 in Unarmed Combat
    81 | D        | Reached XP level 2. HP: 35/35 MP: 1/1
    81 | D        | Reached XP level 3. HP: 42/42 MP: 2/2
    81 | D        | Reached XP level 4. HP: 50/50 MP: 3/3
    90 | D        | Noticed a warg
    93 | D        | Reached skill level 5 in Dodging
    99 | D        | HP: 1/75 [warg (10)]
   100 | D        | Killed a warg
   100 | D        | Reached *** piety under Trog
   101 | D        | Reached skill level 7 in Unarmed Combat
   101 | D        | Reached XP level 5. HP: 1/59 MP: 4/4
   189 | D        | Noticed a warg
   191 | D        | Noticed a wolf
   209 | D        | Reached **** piety under Trog
   214 | D        | Reached skill level 8 in Unarmed Combat
   214 | D        | Reached XP level 6. HP: 40/68 MP: 5/5
   227 | D        | Reached ***** piety under Trog
   236 | D        | Killed a warg
   237 | D        | Reached skill level 9 in Unarmed Combat
   292 | D        | Reached XP level 7. HP: 63/80 MP: 6/6
   326 | D        | Received a gift from Trog
   332 | D        | Reached skill level 10 in Unarmed Combat
   344 | D        | Noticed a lindwurm
   348 | D        | Noticed Crazy Yiuf
   354 | D        | Killed a lindwurm
   355 | D        | Reached skill level 11 in Unarmed Combat
   355 | D        | Reached XP level 8. HP: 80/92 MP: 7/7
   355 | D        | Killed Crazy Yiuf
   499 | D        | Noticed a troll
   499 | D        | Noticed a merfolk siren
   528 | D        | Killed a troll
   556 | D        | Killed a merfolk siren
   556 | D        | Received a gift from Trog
   557 | D        | Reached skill level 10 in Fighting
   557 | D        | Reached skill level 10 in Dodging
   710 | D        | Noticed a bog body
   710 | D        | Noticed a catoblepas
   718 | D        | Reached skill level 12 in Unarmed Combat
   720 | D        | Killed a bog body
   721 | D        | Reached XP level 9. HP: 102/102 MP: 8/8
   733 | D        | Killed a catoblepas
   733 | D        | Received a gift from Trog
   734 | D        | Reached skill level 13 in Unarmed Combat
   784 | D        | Noticed a fire crab
   791 | D        | Killed a fire crab
   845 | D        | Noticed an ice devil
   850 | D        | Killed an ice devil
   858 | D        | Reached XP level 10. HP: 99/115 MP: 9/9
   879 | D        | Noticed an orange demon
   879 | D        | Noticed a cyclops
   887 | D        | Reached skill level 14 in Unarmed Combat
   890 | D        | Killed an orange demon
   890 | D        | Reached ****** piety under Trog
   894 | D        | Killed a cyclops
  1064 | D        | Noticed a Tzitzimitl
  1080 | D        | HP: 5/174 [Tzitzimitl (9)]
  1080 | D        | Mangled by a Tzitzimitl

Illustrated notes

Levels and vault maps discovered:
D:        pitsprint [storerooms_1, entrance_room_1, metal_vault_1, armoury_2,
          mini_pit_1, grid_room_1, main_hall_1, silver_pit, the_coven_1,
          the_vestibule_1, steel_vault_5, golden_pit, hallway_of_sentries,
          crystal_vault_6, iron_vault_2, final_vault]

Skill      XL: |  1  2  3  4  5  6  7  8  9 10 |
---------------+-------------------------------+-----
Fighting       | 5 6 8 9 10 11 12 | 12.4
Dodging        | 4 6 7 9 10 11 12 | 12.2
Unarmed Combat | 6 7 8 9 11 12 13 14 | 14.3

Action                     |  1- 3 |  4- 6 |  7- 9 | 10-12 || total
---------------------------+-------+-------+-------+-------++-------
  Melee: Unarmed           |     8 |    48 |    56 |    19 ||   131
         Punch             |       |     1 |     2 |     1 ||     4
 Invoke: Berserk           |       |     1 |     2 |     2 ||     5
 Armour: Animal skin       |     2 |    39 |    38 |    14 ||    93
  Dodge: Dodged            |     2 |    26 |    27 |    12 ||    67

Table legend: (Time is in decaauts)
 A = Elapsed time spent in this place.
 B = Non-inter-level travel time spent in this place.
 C = Inter-level travel time spent in this place.
 D = Time resting spent in this place.
 E = Time spent auto-exploring this place.
 F = Levels seen in this place.
 G = Mean time per level.
                   A        B        C        D        E       F      G
               +--------+--------+--------+--------+--------+-----+--------+
         Total |   1091 |   1036 |     55 |    483 |    150 |   1 | 1091.0 |
       Dungeon |   1091 |   1036 |     55 |    483 |    150 |   1 | 1091.0 |
               +--------+--------+--------+--------+--------+-----+--------+

Top non-repeatable levels by time:
       D: 1091 daAuts
